 Dungeon Crawl Stone Soup version 0.31-a0-1611-g890cdf5628 (webtiles) character file.

Game seed: 1046588789149691791

91 LeprechaunX the Changeling (level 4, -5/29 HPs)
             Began as an Octopode Shapeshifter on Jan 8, 2024.
             Slain by an orc
             ... wielding a +0 trident
              (9 damage)
             ... on level 2 of the Dungeon.
             The game lasted 00:01:33 (1478 turns).

LeprechaunX the Changeling (Octopode Shapeshifter)  Turns: 1478, Time: 00:01:33

Health: -5/29      AC:  1    Str: 13    XL:     4   Next: 57%
Magic:  4/4        EV: 13    Int: 12    God:
Gold:   78         SH:  0    Dex: 13    Spells: 3/3 levels left

rFire   . . .        h - +3 spear
rCold   . . .        (no shield)
rNeg    . . .        (helmet currently unavailable)
rPois   .            (no amulet)
rElec   .            g - ring of wizardry
rCorr   .            (no ring)
SInv    .            (no ring)
Will    .....        (no ring)
Stlth   ++           (no ring)
HPRegen 0.24/turn    (no ring)
MPRegen 0.09/turn    (no ring)
                     (no ring)

%: wizardry (x1)
@: beast-form
A: beast (slay +2), almost no armour, amphibious, 8 rings, camouflage 1,
gelatinous body 1, (nimble swimmer 1), tentacles
a: Begin Untransformation


You were on level 2 of the Dungeon.
You were a hulking beast.
You visited 1 branch of the dungeon, and saw 2 of its levels.

You collected 78 gold pieces.

Inventory:

Hand Weapons
 h - a +3 spear (weapon)
Jewellery
 g - a ring of wizardry (left tentacle)
Talismans
 b - a beast talisman
 c - a flux talisman
Scrolls
 d - a scroll of enchant weapon {unknown}
 f - a scroll of summoning {unknown}
 j - a scroll of identify {unknown}
 k - 2 scrolls of blinking {unknown}
 n - a scroll of poison {unknown}
 p - a scroll of teleportation {unknown}
Potions
 a - a potion of lignification
 e - a potion of curing {unknown}
 i - 2 potions of enlightenment {unknown}
 l - a potion of degeneration {unknown}
 m - a potion of mutation {unknown}
 o - a potion of heal wounds {unknown}


   Skills:
 + Level 2.2 Fighting
 - Level 2.0 Dodging
 + Level 3.6 Unarmed Combat
 * Level 4.1 Shapeshifting


You had 3 spell levels left.
You didn't know any spells.
Your spell library contained the following spells:

 Spells                   Type           Power      Damage    Failure   Level
 Blink                    Tloc           0%         N/A       21%         2
 Lesser Beckoning         Tloc           0%         N/A       21%         2
 Momentum Strike          Conj/Tloc      0%         3d8       21%         2
 Sculpt Simulacrum        Ice/Alch       0%         N/A       100%        6
 Ozocubu's Refrigeration  Ice            0%         4d7       100%        7
 Polar Vortex             Ice            0%         N/A       100%        9


Dungeon Overview and Level Annotations

Branches:
Dungeon (2/15)

Altars:


Innate Abilities, Weirdness & Mutations

You are a hulking beast.
Your limbs bulge with bestial killing power. (Slay +2)
You cannot wear most types of armour.
You are amphibious.
You can wear up to eight rings at the same time.
Your skin changes colour to match your surroundings (Stealth+).
Your rubbery body absorbs attacks. (AC +1, EV +1)
((You are camouflaged when in or above water. (Stealth+)))
You have tentacles for arms and can constrict up to eight enemies at once.


Message History

A kobold is nearby!
A kobold is nearby!
A kobold is nearby!
Found a club.
An orc comes into view. It is wielding a +0 club.
Found 4 large rocks and a glowing pearl amulet.
The orc shouts!
An orc comes into view. It is wielding a +0 dagger.
The kobold shouts!
The orc shouts!
An orc comes into view. It is wielding a +0 hand axe.
The orc shouts!
An orc comes into view. It is wielding a +0 trident.
You closely miss the orc. You grab the orc. You constrict the orc.
You lose your grip on the orc.
You puncture the orc!
You kill the orc!
The orc hits you from afar with a +0 trident.
You hit the orc. Your grab misses the orc.
The orc is moderately wounded.
The orc closely misses you. The orc barely misses you.
The kobold hits you with a +0 dagger.
You hit the orc.
You kill the orc!
The orc hits you with a +0 club. The orc misses you.
The kobold hits you with a +0 dagger.
You closely miss the orc. You grab the orc. You squeeze the orc!
You kill the orc!
The kobold hits you with a +0 dagger.
The orc hits you from afar with a +0 trident.
You are too injured to fight recklessly!
You are too injured to fight recklessly!
You are too injured to fight recklessly!
You are too injured to fight recklessly!
You closely miss the kobold. You grab the kobold. You squeeze the kobold.
You kill the kobold!
The orc hits you from afar with a +0 trident!
* * * LOW HITPOINT WARNING * * *
Unknown command.
The orc hits you with a +0 trident!
You die...

.. .# . .# . .##.# .. ... # ####
.... ....#.# ##### #..
#)...###.#.#.# #...# #.# ####
...#....o....###...###.## ...#
... #)h#.# #........... ...###
##.#.##).#.# #.......#.## .....#
.."(.....).# #.......#.## ##.#.#
######...### ###...###... ##.#.#
#...# #...# #### ...#.## #...#
##.#### ## .>....# #...#
#....###. ####..# ######...######
#......#.
##....###.............###.##.#.#.


You could see an orc.

Vanquished Creatures
  Jessica (D:2)
  A gnoll (D:1)
  2 dart slugs
  A ribbon worm (D:2)
  3 orcs (D:2)
  4 ball pythons
  9 bats
  An endoplasm (D:1)
  4 giant cockroaches
  5 hobgoblins
  5 kobolds
  3 quokkas (D:1)
  A frilled lizard (D:1)
  2 rats (D:1)
42 creatures vanquished.

Notes
Turn   | Place    | Note
-------+----------+-------------------------------------------
     0 | D:1      | LeprechaunX the Octopode Shapeshifter began the quest for
                  | the Orb.
     0 | D:1      | Reached XP level 1. HP: 13/13 MP: 1/1
   331 | D:1      | Reached XP level 2. HP: 16/18 MP: 2/2
   562 | D:1      | Reached XP level 3. HP: 11/23 MP: 3/3
   906 | D:1      | Found a faded altar of an unknown god.
  1339 | D:2      | Noticed Jessica
  1343 | D:2      | Killed Jessica
  1344 | D:2      | Reached skill level 4 in Shapeshifting
  1344 | D:2      | Reached XP level 4. HP: 25/29 MP: 4/4
  1478 | D:2      | Slain by an orc

Illustrated notes

Levels and vault maps discovered:
D:1:      minmay_arrival_widening_spiral_narrow, layout_loops_ring,
          hellmonk_ecumenical_altar_leap_of_faith
D:2:      layout_loops_cross, due_unseen_surprise, uniq_jessica

Skill      XL: |  1  2  3 |
---------------+----------+-----
Fighting       | 2 |  2.2
Shapeshifting  | 4 |  4.1
Dodging        | |  2.0
Unarmed Combat | |  3.6

Action                     |  1- 3 |  4- 6 || total
---------------------------+-------+-------++-------
  Melee: Unarmed           |    33 |       ||    33
         Tentacles         |     7 |     3 ||    10
         Constrict         |    14 |     4 ||    18
         Spear             |    46 |    10 ||    56
         Punch             |     1 |       ||     1
   Stab: Sleeping          |     9 |       ||     9
 Armour: Skin              |    31 |     9 ||    40
  Dodge: Dodged            |    32 |     5 ||    37

Table legend: (Time is in decaauts)
 A = Elapsed time spent in this place.
 B = Non-inter-level travel time spent in this place.
 C = Inter-level travel time spent in this place.
 D = Time resting spent in this place.
 E = Time spent auto-exploring this place.
 F = Levels seen in this place.
 G = Mean time per level.
                   A        B        C        D        E       F      G
               +--------+--------+--------+--------+--------+-----+--------+
         Total |   1480 |   1388 |     92 |      0 |   1148 |   2 |  740.0 |
       Dungeon |   1480 |   1388 |     92 |      0 |   1148 |   2 |  740.0 |
               +--------+--------+--------+--------+--------+-----+--------+

Top non-repeatable levels by time:
     D:1: 1004 daAuts
     D:2: 475 daAuts
